 Dungeon Crawl Stone Soup version 0.31-a0-1529-g7bd419a0e5 (webtiles) character file.

Game seed: 5764550618965665729

121 BeingJoeMalik the Gusty (level 5, 0/28 HPs)
             Began as a Tengu Air Elementalist on Dec 31, 2023.
             Killed by divine providence
             ... invoked by an orc priest
              (11 damage)
             ... on level 3 of the Dungeon.
             The game lasted 00:09:28 (2735 turns).

BeingJoeMalik the Gusty (Tengu Air Elementalist)    Turns: 2735, Time: 00:09:29

Health: 0/28       AC:  2    Str:  8    XL:     5   Next: 5%
Magic:  1/9        EV: 12    Int: 17    God:
Gold:   92         SH:  0    Dex: 15    Spells: 4/8 levels left

rFire   + . .        h - staff of fire
rCold   . . .        (no shield)
rNeg    . . .        a - +0 robe
rPois   .            (helmet restricted)
rElec   .            (no cloak)
rCorr   .            (no gloves)
SInv    .            (boots unavailable)
Will    .....        (no amulet)
Stlth   ++           (no ring)
HPRegen 0.24/turn    (no ring)
MPRegen 0.11/turn

%: acrobat
@: no status effects
A: beak, talons 3, acrobatic
a: no special abilities


You were on level 3 of the Dungeon.
You visited 1 branch of the dungeon, and saw 3 of its levels.

You collected 92 gold pieces.

Inventory:

Hand Weapons
 k - the +0 dagger of Trog, Mauling {pain, rF+}
   (You found it on level 2 of the Dungeon)

   rF+:       It protects you from fire.
 l - the +8 whip of Joyful Slaughter {flame, Dex+2}
   (You found it on level 2 of the Dungeon)

   Dex+2:     It affects your dexterity (+2).
Armour
 a - a +0 robe (worn)
Magical Staves
 h - a staff of fire (weapon)
Scrolls
 d - a scroll of fear {unknown}
 e - a scroll of revelation {unknown}
 f - a scroll of identify {unknown}
 j - a scroll of silence {unknown}
 m - a scroll of blinking {unknown}
Potions
 b - 2 potions of magic
 g - a potion of mutation {unknown}
 i - a potion of resistance {unknown}


   Skills:
 - Level 2.1 Dodging
 - Level 2.0 Stealth
 * Level 2.0 Spellcasting
 + Level 4.3 Conjurations
 + Level 5.9 Air Magic


You had 4 spell levels left.
You knew the following spells:

 Your Spells              Type           Power      Damage    Failure   Level
a - Shock                 Conj/Air       76%        1d7       2%          1
b - Static Discharge      Conj/Air       38%        3-5/arc   3%          2
c - Necrotise             Necr           8%         1d4       19%         1

Your spell library contained the following spells:

 Spells                   Type           Power      Damage    Failure   Level
 Swiftness                Air            22%        N/A       4%          3
 Airstrike                Air            11%        2d(2-18)  17%         4
 Vampiric Draining        Necr           2%         2d6       50%         3
 Martyr's Knell           Necr/Summ      1%         N/A       88%         4
 Curse of Agony           Necr           2%         N/A       99%         5


Dungeon Overview and Level Annotations

Branches:
Dungeon (3/15)

Altars:

Annotations:
D:3 Terence


Innate Abilities, Weirdness & Mutations

You have a beak for a mouth.
You have claws for feet.
You can magically evade attacks while moving or waiting.


Message History

Aiming: Shock (safe; 2% risk of failure)
Press: ? - help, Shift-Dir - straight line, f/p - orc priest
Aim: an orc priest, wielding a +0 trident and wearing a +0 scale mail (moderately wounded, 75% to hit)
The zap hits the orc priest.
The orc priest is moderately wounded.
Unknown command.
Casting: Shock (safe; 2% risk of failure)
Confirm with . or Enter, or press ? or * to list all spells.
Aiming: Shock (safe; 2% risk of failure)
Press: ? - help, Shift-Dir - straight line, f/p - orc priest
Aim: an orc priest, wielding a +0 trident and wearing a +0 scale mail (moderately wounded, 75% to hit)
The zap misses the orc priest.
Unknown command.
Casting: Shock (safe; 2% risk of failure)
Confirm with . or Enter, or press ? or * to list all spells.
Aiming: Shock (safe; 2% risk of failure)
Press: ? - help, Shift-Dir - straight line, p - orc priest The zap hits the orc priest.
The orc priest is heavily wounded.
The orc priest hits you from afar with a +0 trident.
Unknown command.
Casting: Shock (safe; 2% risk of failure)
Confirm with . or Enter, or press ? or * to list all spells.
Aiming: Shock (safe; 2% risk of failure)
Press: ? - help, Shift-Dir - straight line, f - orc priest
Aim: an orc priest, wielding a +0 trident and wearing a +0 scale mail (heavily wounded, 75% to hit)
The zap hits the orc priest.
The orc priest is severely wounded.
The orc priest calls down the wrath of Beogh upon you.
Pain shoots through your body!
Casting: Shock (safe; 2% risk of failure)
Confirm with . or Enter, or press ? or * to list all spells.
Aiming: Shock (safe; 2% risk of failure)
Press: ? - help, Shift-Dir - straight line, f/p - orc priest
Aim: an orc priest, wielding a +0 trident and wearing a +0 scale mail (severely wounded, 75% to hit)
The zap hits the orc priest.
The orc priest is severely wounded.
The orc priest invokes the aid of Beogh against you.
Beogh smites you!
You die...

#.# #.# #.# #.#
#.# ##.###
#..)<# ..
#..### #.# #.@#
#)# #..# ..
#.###o## ..
#.#...# ..
#.#.#.### ..
#######.#...#.#
..
#...#...).....#
..
#.#.........#.#
..
#.#...#$.#..#.#


You could see an orc priest.

Vanquished Creatures
  A scorpion zombie (D:2)
  Natasha (D:2)
  An adder (D:2)
  2 adder zombies (D:2)
  A dart slug (D:1)
  3 orcs (D:3)
  4 ball pythons
  6 endoplasms
  3 giant cockroaches
  5 goblins
  2 hobgoblins
  6 kobolds
  A quokka (D:1)
  A ball python zombie (D:2)
  4 bats (D:2)
  5 frilled lizards
  2 quokka zombies (D:2)
  2 rats (D:1)
50 creatures vanquished.

Notes
Turn   | Place    | Note
-------+----------+-------------------------------------------
     0 | D:1      | BeingJoeMalik the Tengu Air Elementalist began the quest
                  | for the Orb.
     0 | D:1      | Reached XP level 1. HP: 10/10 MP: 4/4
   221 | D:1      | Reached XP level 2. HP: 15/15 MP: 3/6
   403 | D:1      | Learned a level 2 spell: Static Discharge
   636 | D:1      | Found a faded altar of an unknown god.
   952 | D:1      | Reached XP level 3. HP: 19/19 MP: 5/7
  1298 | D:2      | Identified the +8 whip of Joyful Slaughter {flame, Dex+2}
  1690 | D:2      | Reached skill level 5 in Air Magic
  2118 | D:2      | Noticed Natasha
  2138 | D:2      | Killed Natasha
  2139 | D:2      | Reached XP level 4. HP: 24/24 MP: 4/8
  2418 | D:2      | Identified the +0 dagger of Trog, Mauling {pain, rF+}
  2424 | D:2      | Learned a level 1 spell: Necrotise
  2627 | D:3      | Noticed Terence
  2655 | D:3      | Reached XP level 5. HP: 28/28 MP: 5/9
  2735 | D:3      | Killed from afar by an orc priest

Illustrated notes

Levels and vault maps discovered:
D:1:      tarquinn_simple_flora_water_f, layout_basic,
          ebering_ecumenical_altar_petrified, hangedman_abyss_or_decor_stabs
D:2:      minmay_general_purpose_star, layout_basic, corexii_leaking_fountain,
          dilly_guarded_unrand_morg
D:3:      layout_basic, grunt_qazlal_clouds, nicolae_overflow_crystal_walls,
          chequers_serial_rivers_micro_d, uniq_grinder, uniq_terence

Skill      XL: |  1  2  3  4 |
---------------+-------------+-----
Conjurations   | 2 3 4 |  4.3
Air Magic      | 5 |  5.9
Dodging        | |  2.1
Stealth        | |  2.0
Spellcasting   | |  2.0

Action                     |  1- 3 |  4- 6 || total
---------------------------+-------+-------++-------
  Melee: Staff             |       |     3 ||     3
         Kick              |       |     2 ||     2
         Peck              |       |     1 ||     1
   Cast: Shock             |    65 |    45 ||   110
 Armour: Robe              |     5 |     9 ||    14
  Dodge: Dodged            |    10 |    17 ||    27

Table legend: (Time is in decaauts)
 A = Elapsed time spent in this place.
 B = Non-inter-level travel time spent in this place.
 C = Inter-level travel time spent in this place.
 D = Time resting spent in this place.
 E = Time spent auto-exploring this place.
 F = Levels seen in this place.
 G = Mean time per level.
                   A        B        C        D        E       F      G
               +--------+--------+--------+--------+--------+-----+--------+
         Total |   2735 |   2651 |     84 |    569 |   1644 |   3 |  911.7 |
       Dungeon |   2735 |   2651 |     84 |    569 |   1644 |   3 |  911.7 |
               +--------+--------+--------+--------+--------+-----+--------+

Top non-repeatable levels by time:
     D:2: 1358 daAuts
     D:1: 1186 daAuts
     D:3: 190 daAuts
